 Dungeon Crawl Stone Soup version 0.20-a0-920-gb18bc0f (webtiles) character file.

69113 FastMan the Severer (level 14, -5/202 HPs)
             Began as a Minotaur Berserker on Mar 26, 2017.
             Was a High Priest of Trog.
             Killed by mirror damage (34 damage)
             ... on level 15 of the Dungeon.
             The game lasted 00:19:29 (19804 turns).

FastMan the Severer (Minotaur Berserker)           Turns: 19804, Time: 00:19:29

Health: -5/202     AC: 18    Str: 24    XL:     14   Next: 89%
Magic:  4/4        EV: 16    Int:  4    God:    Trog [*****.]
Gold:   875        SH:  0    Dex: 14    Spells: 13/13 levels left

rFire    + . .     SeeInvis .   a - +5 executioner's axe (antimagic)
rCold    + + .     Gourm    .   (shield currently unavailable)
rNeg     . . .     Faith    .   l - +4 scale mail of Jiassol {rF+ rC+ Str-4}
rPois    .         Spirit   .   A - +2 hat
rElec    .         Reflect  .   s - scarf {rC+}
rCorr    +         Harm     .   w - +1 pair of gloves
MR       ++++.                  (no boots)
Stlth    ..........             (no amulet)
Regen    1.5/turn               E - ring of protection from magic
MPRegen  0.1/turn               t - ring of resist corrosion

@: berserking, regenerating, very quick
A: retaliatory headbutt, horns 2
a: Berserk, Trog's Hand, Brothers in Arms, Burn Spellbooks, Renounce Religion


You were on level 15 of the Dungeon.
You worshipped Trog.
Trog was extremely pleased with you.
You were hungry.

You visited 2 branches of the dungeon, and saw 20 of its levels.

You collected 1170 gold pieces.
You spent 295 gold pieces at shops.

Inventory:

Hand Weapons
 a - a +5 antimagic executioner's axe (weapon)
Armour
 g - the scarf of Xiulonis {rElec rC- Str+2}
   (You bought it in a shop on level 8 of the Dungeon)

   It affects your strength (+2).
   It makes you vulnerable to cold.
   It insulates you from electricity.
 l - the +4 scale mail of Jiassol (worn) {rF+ rC+ Str-4}
   (You found it on level 12 of the Dungeon)

   It affects your strength (-4).
   It protects you from fire.
   It protects you from cold.
 s - a scarf of cold resistance (worn)
 w - a +1 pair of gloves (worn)
 A - a +2 hat (worn)
 F - a +0 plate armour
 I - the +4 chain mail "Yntabas" {rCorr Str+2 Int+5 Stlth+}
   (You found it on level 13 of the Dungeon)

   It affects your strength (+2).
   It affects your intelligence (+5).
   It protects you from acid and corrosion.
   It makes you more stealthy.
Jewellery
 t - a ring of resist corrosion (right hand)
 B - the ring "Fusiusut" {rCorr MP+9 Int+4 Dex+4, unknown}
   (You found it on level 15 of the Dungeon)

   [ring of resist corrosion]

   It affects your intelligence (+4).
   It affects your dexterity (+4).
   It affects your magic capacity (+9).
 E - a ring of protection from magic (left hand)
 G - an uncursed ring of stealth {unknown}
Scrolls
 d - 4 scrolls of recharging
 h - 11 scrolls of remove curse {@r2}
 k - 2 scrolls of fear
 p - a scroll of enchant armour
 v - 3 scrolls of teleportation {@r3}
 C - a scroll of silence
 H - 3 scrolls of identify {@r1}
Potions
 b - a potion of curing {@q1}
 e - 2 potions of magic
 i - 2 potions of mutation
 j - 8 potions of heal wounds {@q2}
 m - 2 potions of agility {@q5}
 n - a potion of haste {@q3}
 q - 2 potions of berserk rage
 r - 2 potions of flight
 u - 2 potions of might {@q4}
 x - a potion of ambrosia
Books
 y - a book of Minor Magic

   Spells                             Type                      Level
   a - Magic Dart                     Conjuration                  1
   b - Blink                          Translocation                2
   c - Call Imp                       Summoning                    2
   d - Slow                           Hexes                        2
   e - Conjure Flame                  Conjuration/Fire             3
   f - Mephitic Cloud                 Conjuration/Poison/Air       3
   Trog disapproves of the use of such an item.
 z - a book of Spatial Translocations

   Spells                             Type                      Level
   a - Blink                          Translocation                2
   b - Shroud of Golubria             Charms/Translocation         2
   c - Lesser Beckoning               Translocation                3
   d - Gell's Gravitas                Translocation                3
   e - Teleport Other                 Translocation                3
   f - Passage of Golubria            Translocation                4
   Trog disapproves of the use of such an item.
Comestibles
 c - 7 bread rations {@e1}
 f - 26 fruits {@e4}
 o - 13 royal jellies {@e3}


   Skills:
 + Level 15.5 Fighting
 * Level 20.3 Axes
 - Level 12.6 Armour
 - Level 10.5 Dodging


You had 13 spell levels left.
You didn't know any spells.

Dungeon Overview and Level Annotations

Branches:
Dungeon (15/15)              Lair (5/6) D:8          Shoals (0/4) Lair:2
 Spider (0/4) Lair:3          Orc (0/2) D:11         Vaults (0/5) D:13
 Depths (0/5) D:15
 Temple: D:4-7        Slime: Lair:5-6

Altars:
Ashenzari
Dithmenos
Fedhas
Qazlal
Sif Muna
Vehumet
Wu Jian
Beogh

Shops:
D:8 }*:=*   D:9 %!?}   D:10 }


Innate Abilities, Weirdness & Mutations

You reflexively headbutt those who attack you in melee.
You have a pair of horns on your head.


Message History

The centaur warrior hits you!
* * * LOW HITPOINT WARNING * * *
The centaur unwields an uncursed shortbow.
The centaur completely misses you.
You slash the centaur warrior! You headbutt the centaur warrior!
You kill the centaur warrior!
Trog accepts your kill.
You slice the centaur!! The centaur closely misses you.
You furiously retaliate!
You headbutt the centaur!
You feel the power of Trog in you as your rage grows.
You kill the centaur!
Trog accepts your kill.
You slice the death knight!!
The death knight is moderately wounded.
The death knight reflects your damage back at you!
* * * LOW HITPOINT WARNING * * *
You chop the death knight into pieces!!!
The death knight is almost dead.
The death knight reflects your damage back at you!
You die...

#..... ... #.....######..
#.....#.....# #######
#.....#.....# #......
#.....#.....# #......
#....)(.....# #......
#....)#.....# #......
#....p#.)p..# #......
#.....#..@.(# #......
#.....#...((# #......
#.....#....(########......
#.....#.....(.............
#.....#...............)...
#.....#...................
#.....#.................(.
#.....#.....).............
#.....##'###..............


You could see a death knight.

Vanquished Creatures
  An azure jelly (shapeshifter) (D:15)
  Snorg (Lair:3)
  Josephine (D:12)
  A yaktaur captain (D:15)
  Fannar (D:10)
  A rakshasa (D:15)
  8 vault guards (D:13)
  7 hydras
  3 centaur warriors
  3 catoblepae
  Erica (D:8)
  2 two-headed ogres
  A death yak (Lair:5)
  Nergalle (Lair:2)
  A wizard (D:15)
  An unseen horror (D:11)
  2 orc knights (D:15)
  3 deep elf magi
  An orc sorcerer (D:15)
  3 manticores
  2 ugly things (D:15)
  4 cyclopes
  An oklob plant (Lair:2)
  2 black mambas
  An elephant (shapeshifter) (D:15)
  Psyche (D:9)
  6 spiny frogs
  A torpor snail (Lair:3)
  A gargoyle (D:11)
  2 komodo dragons
  6 rime drakes
  A komodo dragon (shapeshifter) (D:15)
  4 yaktaurs (D:15)
  An efreet (D:15)
  A freezing wraith (D:15)
  A merfolk (Lair:2)
  A troll (shapeshifter) (D:15)
  10 slime creatures
  18 blink frogs
  22 hippogriffs
  A meliai zombie (D:13)
  2 dream sheep (D:9)
  13 wyverns
  5 wraiths
  A vampire (D:12)
  A golden eye (shapeshifter) (D:13)
  31 yaks
  2 vampire mosquitoes (D:12)
  3 hungry ghosts
  7 basilisks
  Edmund (D:4)
  2 acid dragons (D:15)
  7 water moccasins
  A hell hound (Lair:5)
  6 porcupines
  A swamp drake (D:10)
  6 ice beasts
  2 sky beasts
  An eye of draining (D:12)
  2 phantoms
  9 orc warriors
  3 boggarts
  6 ogres
  5 wolves (Lair:4)
  14 centaurs
  7 crocodiles
  4 big kobolds
  9 bullfrogs
  A wyvern zombie (D:15)
  6 scorpions
  9 killer bees
  3 wights (D:12)
  5 howler monkeys
  An electric eel (Lair:2)
  7 crimson imps
  2 bullfrog zombies
  4 centaur zombies
  10 hounds
  9 jellies
  7 orc priests
  3 bullfrog skeletons
  6 centaur skeletons
  A gnoll shaman (D:6)
  An iron imp (D:10)
  2 iguanas
  5 orc wizards
  8 worker ants
  A hound zombie (D:11)
  A hound skeleton (D:10)
  A howler monkey skeleton (D:7)
  10 gnolls
  9 adders
  3 shadow imps
  A white imp (D:10)
  17 oozes
  A worm (D:2)
  A dart slug (D:4)
  2 leopard geckos
  47 orcs
  5 giant cockroaches
  8 goblins
  4 hobgoblins
  18 jackals
  14 kobolds
  2 quokkas (D:10)
  4 bats
  A frilled lizard (D:1)
  2 jackal skeletons
  A leopard gecko skeleton (D:7)
  4 rats
  2 bushes (D:11)
  A fungus (Lair:5)
  A plant (Lair:3)
532 creatures vanquished.

Vanquished Creatures (collateral kills)
  Nessos (D:14)
  A death yak (Lair:5)
2 creatures vanquished.

Vanquished Creatures (others)
  An orc wizard (D:10)
  An orc (D:10)
  A fungus (Lair:3)
  6 plants
9 creatures vanquished.

Grand Total: 543 creatures vanquished

Notes
Turn   | Place    | Note
-------+----------+-------------------------------------------
     0 | D:1      | FastMan the Minotaur Berserker began the quest for the Orb.
     0 | D:1      | Reached XP level 1. HP: 19/19 MP: 0/0
   420 | D:1      | Found a shattered altar of Ashenzari.
   452 | D:1      | Reached XP level 2. HP: 18/26 MP: 1/1
   490 | D:1      | Reached skill level 4 in Axes
   555 | D:2      | Found a stormy altar of Qazlal.
   581 | D:2      | Found a blossoming altar of Fedhas.
   612 | D:2      | Reached XP level 3. HP: 33/33 MP: 2/2
  1207 | D:4      | Noticed Edmund
  1216 | D:4      | Reached XP level 4. HP: 26/40 MP: 3/3
  1220 | D:4      | Killed Edmund
  1220 | D:4      | Reached skill level 5 in Axes
  1220 | D:4      | Reached XP level 5. HP: 23/47 MP: 4/4
  1528 | D:4      | Noticed an ogre
  1558 | D:4      | Killed an ogre
  1558 | D:4      | Reached skill level 6 in Axes
  1558 | D:4      | Reached XP level 6. HP: 25/53 MP: 5/5
  2203 | D:5      | Entered Level 5 of the Dungeon
  2245 | D:5      | Reached skill level 5 in Fighting
  2358 | D:5      | Found a deep blue altar of Sif Muna.
  2414 | D:5      | Reached ** piety under Trog
  2503 | D:5      | Reached XP level 7. HP: 53/61 MP: 6/6
  2549 | D:5      | Found a radiant altar of Vehumet.
  2592 | D:5      | Reached skill level 7 in Axes
  3009 | D:6      | Reached skill level 5 in Armour
  3582 | D:6      | Reached skill level 5 in Dodging
  3739 | D:7      | Reached skill level 8 in Axes
  3739 | D:7      | Reached XP level 8. HP: 70/70 MP: 7/7
  3967 | D:7      | Reached *** piety under Trog
  4141 | D:7      | Reached skill level 9 in Axes
  4734 | D:8      | Found Baifam's Assorted Antiques.
  4749 | D:8      | Found Ymu Edutz's Gadget Shoppe.
  4776 | D:8      | Found a staircase to the Lair.
  4815 | D:8      | Found Loacuine's Book Shop.
  4854 | D:8      | Found Moihuturch's Jewellery Emporium.
  4873 | D:8      | Found an ornate altar of the Wu Jian Council.
  4882 | D:8      | Noticed Erica
  4885 | D:8      | Reached XP level 9. HP: 78/79 MP: 8/8
  4890 | D:8      | Killed Erica
  4890 | D:8      | Reached skill level 10 in Axes
  4951 | D:8      | Found Laosotz's Demolitions Depot.
  5138 | D:8      | Bought an encrusted scarf for 230 gold pieces
  5148 | D:8      | Identified the cursed scarf of Xiulonis {rElec rC- Str+2} (You bought it in a shop on level 8 of the Dungeon)
  5291 | D:9      | Found Kohuonn's Magic Scroll Shop.
  5533 | D:9      | Reached skill level 11 in Axes
  5747 | D:9      | Found a shadowy altar of Dithmenos.
  5767 | D:9      | Found Ufureig's Food Shop.
  6035 | D:9      | Found Doqejok's Distillery.
  6038 | D:9      | Bought a potion of heal wounds for 65 gold pieces
  6120 | D:9      | Reached XP level 10. HP: 84/90 MP: 9/9
  6203 | D:9      | Found Feiwu's Gadget Emporium.
  6230 | D:9      | Reached **** piety under Trog
  6401 | D:9      | Noticed a two-headed hydra
  6404 | D:9      | Killed a one-headed hydra
  6404 | D:9      | Reached skill level 12 in Axes
  6526 | D:9      | Noticed Psyche
  6530 | D:9      | Killed Psyche
  6567 | D:9      | Found a shattered altar of Ashenzari.
  6719 | Lair:1   | Entered Level 1 of the Lair of Beasts
  6764 | Lair:1   | Noticed a black mamba
  6778 | Lair:1   | Killed a black mamba
  7259 | Lair:2   | Noticed an oklob plant
  7310 | Lair:2   | Reached skill level 13 in Axes
  7356 | Lair:2   | Noticed a black mamba
  7369 | Lair:2   | Killed a black mamba
  7369 | Lair:2   | Reached XP level 11. HP: 81/99 MP: 10/10
  7783 | Lair:2   | Noticed Nergalle
  7792 | Lair:2   | Killed Nergalle
  7792 | Lair:2   | Reached skill level 10 in Fighting
  8052 | Lair:2   | Noticed a seven-headed hydra
  8061 | Lair:2   | Killed a four-headed hydra
  8365 | Lair:3   | Noticed a seven-headed hydra
  8376 | Lair:3   | Killed a one-headed hydra
  8553 | Lair:3   | Found a hole to the Spider Nest.
  8558 | Lair:3   | Reached skill level 10 in Armour
  8561 | Lair:3   | Reached skill level 14 in Axes
  8912 | Lair:3   | Noticed Snorg
  8921 | Lair:3   | Killed Snorg
  9150 | Lair:3   | Reached skill level 10 in Dodging
  9176 | Lair:3   | Reached XP level 12. HP: 82/110 MP: 11/11
  9792 | Lair:4   | Reached ***** piety under Trog
 10006 | Lair:4   | Reached skill level 15 in Axes
 10012 | Lair:4   | Noticed a four-headed hydra
 10020 | Lair:4   | Killed a one-headed hydra
 10628 | Lair:4   | Noticed a catoblepas
 10644 | Lair:4   | Killed a catoblepas
 11015 | Lair:4   | Noticed a six-headed hydra
 11023 | Lair:4   | Killed a two-headed hydra
 11467 | Lair:5   | Noticed a catoblepas
 11477 | Lair:5   | Killed a catoblepas
 11480 | Lair:5   | Reached skill level 16 in Axes
 12030 | Lair:5   | Reached XP level 13. HP: 119/119 MP: 12/12
 13353 | Lair:3   | Reached skill level 17 in Axes
 14324 | Lair:2   | Found a staircase to the Shoals.
 14530 | D:10     | Entered Level 10 of the Dungeon
 14598 | D:10     | Found Tileil's Gadget Emporium.
 14610 | D:10     | Noticed Fannar
 14613 | D:10     | Received a gift from Trog
 14625 | D:10     | Killed Fannar
 15336 | D:11     | Found a staircase to the Orcish Mines.
 15349 | D:11     | Found a blossoming altar of Fedhas.
 15531 | D:12     | Got a diamond-encrusted scale mail
 15532 | D:12     | Identified the +4 scale mail of Jiassol {rF+ rC+ Str-4} (You found it on level 12 of the Dungeon)
 15746 | D:12     | Noticed Josephine
 15755 | D:12     | Killed Josephine
 15755 | D:12     | Reached skill level 18 in Axes
 15756 | D:12     | Received a gift from Trog
 15960 | D:12     | Found a roughly hewn altar of Beogh.
 16808 | D:13     | Reached ****** piety under Trog
 17010 | D:13     | Reached XP level 14. HP: 110/132 MP: 4/13
 17270 | D:13     | Got a smoking chain mail
 17281 | D:13     | Identified the +4 chain mail "Yntabas" {rCorr Str+2 Int+5 Stlth+} (You found it on level 13 of the Dungeon)
 17437 | D:13     | Found a gate to the Vaults.
 17468 | D:13     | Reached skill level 19 in Axes
 17745 | D:15     | Entered Level 15 of the Dungeon
 17768 | D:15     | Received a gift from Trog
 18105 | D:14     | Noticed Nessos
 18119 | D:14     | Killed Nessos
 18119 | D:14     | Received a gift from Trog
 18524 | D:15     | Reached skill level 15 in Fighting
 19098 | D:15     | Found a staircase to the Depths.
 19103 | D:15     | Noticed an azure jelly
 19103 | D:15     | a catoblepas changed into an azure jelly
 19111 | D:15     | Killed an azure jelly
 19111 | D:15     | Reached skill level 20 in Axes
 19768 | D:15     | Got a translucent iron ring
 19804 | D:15     | Killed by mirror damage

Vault maps used:
D:1:      dpeg_arrival_radiant, evilmike_ruin_ashenzari
D:2:      grunt_temple_overflow_forces_of_nature
D:3:      uniq_terence, uniq_crazy_yiuf_cottage, uniq_natasha
D:4:      good_gods_mini_temple, uniq_edmund
D:5:      corexii_shantytown, kennysheep_mini, old_standard_altar,
          minmay_temple_entry_fiery, first_bread, roderic_roman_lattice,
          hex_large, minmay_misc_feat_room
D:6:      dancing_weapons_uskayaw
D:7:      statuecave_lemuel
D:8:      lemuel_doored_altar, dpeg_oklobed_lair, serial_shops, shop_fountains,
          nicolae_shop_statue_plus, nicolae_shop_waterfront, shop,
          nicolae_blasting_shop, uniq_erica
D:9:      old_standard_altar, marbit_many_paths, serial_shops, shop,
          nicolae_shop_behind_doors, nicolae_shop_crystal, shop,
          hangedman_ranch, uniq_psyche
D:10:     serial_shops, nicolae_shop_waterfront, hangedman_minor_magic,
          uniq_fannar
D:11:     fedhas_bush_and_centaur_altar
D:12:     uniq_josephine
D:13:     erik_vaults_2
D:14:     lemuel_ice_statue, small_statue_intersection,
          portal_ice_cave_entry_animals_and_master, uniq_nessos, uniq_agnes,
          uniq_sonja
D:15:     gammafunk_enter_depths_forms, solitary_fountain
Lair:1:   lab_entry_generic
Lair:2:   elwin_shoals_entry_rooms, fungi_pond_lemuel, uniq_nergalle
Lair:3:   lemuel_slime, spider_nest_entry_web_field, uniq_snorg
Lair:4:   nicolae_lair_grove_arrangements, grunt_megastairs_4
Lair:5:   beast_lair_carwin_large_3, special_room

Skill      XL: |  1  2  3  4  5  6  7  8  9 10 11 12 13 14 |
---------------+-------------------------------------------+-----
Axes           | 4 5 6 8 9 11 13 14 16 18 20 | 20.3
Armour         | 3 4 5 6 7 9 10 11 12 | 12.6
Fighting       | 4 5 7 8 9 11 12 14 15 | 15.5
Dodging        | 3 4 5 6 7 8 10 | 10.5

Action                   |  1- 3 |  4- 6 |  7- 9 | 10-12 | 13-15 || total
-------------------------+-------+-------+-------+-------+-------++-------
Melee: Hand axe          |    61 |    90 |   274 |   340 |       ||   765
       Headbutt          |    19 |    14 |    69 |   108 |   153 ||   363
       Dire flail        |       |       |    12 |       |       ||    12
       Battleaxe         |       |       |       |   105 |   191 ||   296
       Executioner's axe |       |       |       |       |   439 ||   439
Invok: Berserk           |     2 |     2 |     6 |    20 |    16 ||    46
       Trog's Hand       |       |       |       |     2 |     6 ||     8
       Burn Spellbooks   |       |       |       |       |     2 ||     2
       Brothers in Arms  |       |       |       |       |     2 ||     2
  Use: Scroll            |       |       |    12 |     9 |    12 ||    33
       Potion            |       |       |       |       |     2 ||     2
 Stab: Petrifying        |       |       |       |       |     1 ||     1
  Eat: Chunk             |     1 |     7 |    16 |    23 |    19 ||    66
       Meat ration       |       |       |     1 |     3 |     4 ||     8
       Bread ration      |       |       |     1 |     1 |     1 ||     3
Armor: Animal skin       |     4 |       |       |       |       ||     4
       Chain mail        |    23 |    44 |   121 |    21 |     3 ||   212
       Plate armour      |       |       |       |   215 |   163 ||   378
       Scale mail        |       |       |       |       |   210 ||   210
Dodge: Dodged            |    41 |    24 |   137 |   231 |   495 ||   928
